 Dungeon Crawl Stone Soup version 0.26-a0-757-g626ac9e51a (webtiles) character file.

Game seed: 7883154758586056529

100 strifetoe the Chopper (level 4, -4/28 HPs)
             Began as a Gargoyle Fighter on Nov 7, 2020.
             Slain by Menkaure (20 damage)
             ... on level 4 of the Dungeon.
             The game lasted 00:03:13 (2105 turns).

strifetoe the Chopper (Gargoyle Fighter)            Turns: 2105, Time: 00:03:14

Health: -4/28      AC: 11    Str: 20    XL:     4   Next: 74%
Magic:  4/4        EV:  7    Int:  9    God:
Gold:   146        SH:  9    Dex:  9    Spells: 3/3 levels left

rFire    . . .     SeeInvis .   a - +0 war axe
rCold    . . .     Faith    .   c - +0 kite shield
rNeg     + . .     Spirit   .   b - +0 scale mail
rPois    ∞         Reflect  .   (no helmet)
rElec    +         Harm     .   (no cloak)
rCorr    .         Rampage  .   m - +0 pair of gloves
MR       .....                  (no boots)
Stlth    ..........             (no amulet)
HPRegen  0.09/turn              (no ring)
MPRegen  0.09/turn              (no ring)

@: no status effects
A: negative energy resistance 1, electricity resistance, unbreathing,
petrification resistance, rot immunity, AC +3
a: no special abilities


You were on level 4 of the Dungeon.
You visited 1 branch of the dungeon, and saw 4 of its levels.

You collected 146 gold pieces.

Inventory:

Hand Weapons
 a - a +0 war axe (weapon)
Armour
 b - a +0 scale mail (worn)
 c - a +0 kite shield (worn)
 m - a +0 pair of gloves (worn)
Scrolls
 e - 6 scrolls of identify {unknown}
 g - 4 scrolls of teleportation {unknown}
 h - a scroll of fear {unknown}
 j - a scroll of enchant weapon {unknown}
 l - 2 scrolls of immolation {unknown}
 n - a scroll of remove curse {unknown}
 o - a scroll of amnesia {unknown}
 q - a scroll of magic mapping {unknown}
 r - a scroll of noise {unknown}
Potions
 d - a potion of might
 f - a potion of cancellation {unknown}
 i - a potion of invisibility {unknown}
 k - a potion of heal wounds {unknown}
 p - a potion of resistance {unknown}


   Skills:
 - Level 3.2 Fighting
 + Level 4.3 Axes
 - Level 3.2 Armour
 - Level 3.2 Shields


You had 3 spell levels left.
You didn't know any spells.
Your spell library was empty.

Dungeon Overview and Level Annotations

Branches:
Dungeon (4/15)
 Temple: D:4-7

Altars:

Annotations:
D:2 1 runed translucent door, Crazy Yiuf
D:4 Menkaure


Innate Abilities, Weirdness & Mutations

You are resistant to torment.
Your stone body is resilient. (AC +3)
You are immune to poison.
You resist negative energy. (rN+)
You are resistant to electric shocks. (rElec)
You can survive without breathing.
You are immune to petrification.
You are immune to rotting.


Message History

HP restored.
You now have 131 gold pieces (gained 6).
r - a scroll labeled UMOEDU DYIFO
Found a plate armour.
Found a chain mail.
You now have 146 gold pieces (gained 15).
Menkaure, Prince of Dust comes into view.
Menkaure shouts!
You hear a bark!
Menkaure calls on the powers of darkness!
Your body is wracked with pain!
Menkaure calls on the powers of darkness!
Your body is wracked with pain!
You hear a bark!
You see here 9 gold pieces.
A hound comes into view.
You hit Menkaure but do no damage. Menkaure hits you.
An orc comes into view. It is wielding a +0 hand axe.
You hit Menkaure but do no damage. Menkaure hits you!!
Ouch! That really hurt!
You die...

.........###
...........## .
............#.
.............
...........#
#........##
o##....Mh...#
.......@# .#
........# ..#
.......$# ....
........# #....
...?....###.....
#.....#.........
#######.........
..###
#..........
...[..
##.........


You could see Menkaure, a hound and an orc.

Vanquished Creatures
  An adder (D:3)
  A white imp (D:4)
  2 oozes (D:2)
  A worm (D:2)
  2 leopard geckos (D:1)
  3 orcs (D:2)
  4 giant cockroaches (D:1)
  4 goblins
  11 hobgoblins
  6 jackals
  A ball python (D:3)
  6 bats
  4 frilled lizards
  8 kobolds
  11 rats
65 creatures vanquished.

Notes
Turn   | Place    | Note
-------+----------+-------------------------------------------
     0 | D:1      | strifetoe the Gargoyle Fighter began the quest for the Orb.
     0 | D:1      | Reached XP level 1. HP: 14/14 MP: 1/1
    25 | D:1      | Reached skill level 2 in Axes
    83 | D:1      | Reached XP level 2. HP: 18/19 MP: 2/2
   234 | D:1      | Reached skill level 3 in Axes
   237 | D:1      | Reached XP level 3. HP: 22/23 MP: 3/3
   706 | D:2      | Found a runed translucent door.
   707 | D:2      | Noticed Crazy Yiuf
   789 | D:2      | Reached XP level 4. HP: 28/28 MP: 4/4
   872 | D:2      | Reached skill level 4 in Axes
  2099 | D:4      | Noticed Menkaure
  2105 | D:4      | Slain by Menkaure

Illustrated notes

Levels and vault maps discovered:
D:1:      wander_arrival_estate, layout_rooms, hex_tiny, minmay_bisected
D:2:      layout_basic, uniq_crazy_yiuf_cottage
D:3:      layout_basic
D:4:      layout_cave_pools, uniq_menkaure, uniq_robin

Skill      XL: |  1  2  3  4 |
---------------+-------------+-----
Axes           | 2 3 4 |  4.3
Fighting       | |  3.2
Armour         | |  3.2
Shields        | |  3.2

Action                   |  1- 3 |  4- 6 || total
-------------------------+-------+-------++-------
Melee: War axe           |   116 |    73 ||   189
Armor: Scale mail        |    84 |    44 ||   128
Dodge: Dodged            |    39 |    20 ||    59
Block: Kite shield       |    69 |    43 ||   112

Table legend: (Time is in decaauts)
 A = Elapsed time spent in this place.
 B = Non-inter-level travel time spent in this place.
 C = Inter-level travel time spent in this place.
 D = Time resting spent in this place.
 E = Time spent auto-exploring this place.
 F = Levels seen in this place.
 G = Mean time per level.
                   A        B        C        D        E       F      G
               +--------+--------+--------+--------+--------+-----+--------+
         Total |   2181 |   2089 |     92 |      0 |   1654 |   4 |  545.2 |
       Dungeon |   2181 |   2089 |     92 |      0 |   1654 |   4 |  545.2 |
               +--------+--------+--------+--------+--------+-----+--------+

Top non-repeatable levels by time:
     D:3: 812 daAuts
     D:1: 627 daAuts
     D:2: 612 daAuts
     D:4: 129 daAuts
